 Dungeon Crawl Stone Soup version 0.28-a0-518-g36894cfc38 (webtiles) character file.

Game seed: 16541440817618386416

373272 GordonOverkill the Warrior (level 23, -16/169 HPs)
             Began as a Djinni Ice Elementalist on Sept 22, 2021.
             Was the Champion of Cheibriados.
             Killed from afar by Jory (82 damage)
             ... with a crystal spear
             ... on level 3 of the Depths on Sept 23, 2021.
             The game lasted 02:53:03 (53311 turns).

GordonOverkill the Warrior (DjIE)                  Turns: 53311, Time: 02:53:04

Health: -16/169    AC: 39    Str: 22    XL:     23   Next: 78%
Gold:   3393       EV: 19    Int: 53    God:    Cheibriados [******] SH: 22 Dex: 31

rFire   + + .      SeeInvis +   s - +5 rapier "Ryack" {spect, rPois Int+2}
rCold   x . .      Faith    .   d - +5 kite shield {reflect}
rNeg    . . .      Spirit   .   X - +11 chain mail "Itiamn" {SInv}
rPois   ∞          Reflect  +   M - +2 helmet {Int+3}
rElec   .          Harm     .   t - +2 cloak
rCorr   +          Rampage  .   g - +2 pair of gloves
Will    ++...                   (boots unavailable)
Stlth   ++........              e - amulet of regeneration
HPRegen 1.38/turn               a - ring of Qapn {rCorr Int+6}
MPRegen 0.00/turn               x - ring of the Saviour {AC+4 Int+2 SInv}

@: flying, very slightly contaminated, very slow
A: sickness immunity, fire resistance 2, cold vulnerability 1, float, innate
caster, hp casting, extra vitality 1
}: 2/15 runes: decaying, serpentine
a: Renounce Religion, Bend Time, Temporal Distortion, Slouch, Step From Time


You were on level 3 of the Depths.
You worshipped Cheibriados.
Cheibriados was exalted by your worship.
You visited 8 branches of the dungeon, and saw 39 of its levels.
You also visited: Sewer, Bailey, Gauntlet and Volcano.

You collected 5362 gold pieces.
You spent 1969 gold pieces at shops.

Inventory:

Hand Weapons
 i - a +9 vampiric broad axe
 s - the +5 rapier "Ryack" (weapon) {spect, rPois Int+2}
   (You took it off a minotaur in a Gauntlet)

   When its wielder attacks, the weapon's spirit leaps out and strikes again.
   The spirit shares a part of any damage it takes with its wielder.
   Int:       It affects your intelligence (+2).
   rPois:     It protects you from poison.
Missiles
 b - 16 curare-tipped darts (quivered)
 z - 6 throwing nets
Armour
 d - a +5 kite shield of reflection (worn)
 g - a +2 pair of gloves (worn)
 t - a +2 cloak (worn)
 A - +0 gold dragon scales
 M - a +2 helmet of intelligence (worn)
 X - the +11 chain mail "Itiamn" (worn) {SInv}
   (You found it on level 15 of the Dungeon)

   SInv:      It lets you see invisible.
Magical Staves
 k - a staff of air
Jewellery
 a - the ring of Qapn (left hand) {rCorr Int+6}
   (You found it in a Gauntlet)

   [ring of intelligence]

   Int:       It affects your intelligence (+6).
   rCorr:     It protects you from acid and corrosion.
 e - an amulet of regeneration (around neck)
 j - a ring of ice
 x - the ring of the Saviour (right hand) {AC+4 Int+2 SInv}
   (You found it on level 13 of the Dungeon)

   [ring of protection]

   AC:        It affects your AC (+4).
   Int:       It affects your intelligence (+2).
   SInv:      It lets you see invisible.
 F - a ring of wizardry
 K - a ring of ice
 Z - a ring of willpower
Wands
 w - a wand of iceblast (60)
 y - a wand of digging (6)
 L - a wand of paralysis (42)
 N - a wand of acid (18)
 P - a wand of polymorph (31)
 U - a wand of charming (6)
 W - a wand of flame (29)
Scrolls
 c - 6 scrolls of holy word
 m - a scroll of teleportation
 u - a scroll of vulnerability
 v - 2 scrolls of brand weapon
 C - 22 scrolls of identify
 D - 10 scrolls of magic mapping
 E - 6 scrolls of fog
 I - 5 scrolls of immolation
 J - 3 scrolls of silence
 Y - 5 scrolls of fear
Potions
 f - a potion of heal wounds
 l - 6 potions of might
 n - 25 potions of curing
 p - 2 potions of ambrosia
 r - 13 potions of lignification
 H - 3 potions of resistance
 R - 4 potions of brilliance
 T - 3 potions of mutation
Miscellaneous
 h - a phial of floods
 o - a tin of tremorstones (2/2)
 q - a lightning rod (4/4)
 B - a phantom mirror
 O - a condenser vane


   Skills:
 - Level 16.0 Fighting
 - Level 10.0 Short Blades
 + Level 11.1 Axes
 - Level 15.0 Armour
 - Level 12.0 Dodging
 - Level 10.0 Stealth
 - Level 15.0 Shields
 - Level 14.0 Spellcasting
 - Level 10.0 Invocations
 - Level 12.0 Evocations


You couldn't memorise any spells.
You knew the following spells:

 Your Spells              Type           Power      Damage    Failure   Level
a - Freeze                Ice            100%       1d11      0%          1
b - Frozen Ramparts       Ice            100%       1d12      1%          3
c - Ozocubu's Armour      Ice            100%       N/A       1%          3
d - Hailstorm             Conj/Ice       100%       3d20      1%          4
e - Apportation           Tloc           100%       N/A       0%          1
f - Passwall              Tmut/Erth      92%        N/A       0%          2
g - Scorch                Fire           100%       2d10      0%          2
h - Ignite Poison         Fire/Tmut/Pois 100%       N/A       1%          3
i - Airstrike             Air            55%        N/A       1%          4
j - Metabolic Englaciati  Hex/Ice        55%        N/A       1%          5
k - Death Channel         Necr           55%        N/A       1%          6
l - Conjure Ball Lightni  Conj/Air       55%        3x3d20    1%          6
m - Haunt                 Necr/Summ      55%        N/A       6%          7
n - Summon Horrible Thin  Summ           55%        N/A       43%         8
o - Storm Form            Tmut/Air       55%        N/A       6%          7
Your spell library was empty.

Dungeon Overview and Level Annotations

Branches:
Dungeon (15/15)            Temple (1/1) D:4            Lair (6/6) D:8
  Swamp (4/4) Lair:2        Snake (4/4) Lair:4        Slime (0/5) Lair:5
    Orc (2/2) D:10            Elf (0/3) Orc:2        Vaults (4/5) D:14
  Crypt (0/3) Vaults:2     Depths (3/4) D:15          Sewer (visited)
 Bailey (visited)         Volcano (visited)         Gauntlet (visited)

Altars:
Ashenzari
Cheibriados
Dithmenos
Elyvilon
Fedhas
Gozag
Hepliaklqana
Kikubaaqudgha
Makhleb
Nemelex Xobeh
Okawaru
Qazlal
Ru
Sif Muna
Trog
Uskayaw
Vehumet
Wu Jian
Xom
Yredelemnul
Zin
The Shining One
Beogh
Jiyva

Shops:
D:1 *   D:6 (   D:12 !   D:15 ?   Orc:2 [[?!

Portals:
Hell: Depths:1 Depths:2
Abyss: Depths:1
Pandemonium: Depths:2
Ziggurat: Depths:1

Annotations:
Lair:6 exclusion: door
Swamp:1 2 transporters, yegreS's ghost, journeyman MiFi
Swamp:4 3 runed translucent doors, WhatIsLove's ghost, adept TrMo
Snake:3 3 runed translucent doors, Vauzamim's ghost, adept HuWn
Depths:3 Jory


Innate Abilities, Weirdness & Mutations

You are immune to sickness and miasma.
You are immune to poison.
Your flesh is very heat resistant. (rF++)
You are vulnerable to cold. (rC-)
You float through the air rather than walking.
You learn spells naturally, not from books.
Your magical power is your life essence.
You have superior vitality. (+4 HP)


Message History

You block Jory's attack. x2; The nameless horror misses you.
Your freezing wraith barely misses Jory.
Your freezing wraith hits Jory!
Your freezing wraith drains Jory's vigour!
Jory seems to slow down.
Casting: Airstrike (safe; 1% risk of failure)
Confirm with . or Enter, or press ? or * to list all spells.
Aiming: Airstrike (safe; 1% risk of failure)
Press: ? - help, Dir - move target, f/p - Jory
Aim: Jory, wielding a +4 great sword and wearing a +0 chain mail (severely damaged, slow, ally target, empty space bonus: 5/8)
The air twists around and strikes Jory!
Jory is almost destroyed.
* * * LOW HITPOINT WARNING * * *
Your freezing wraith barely misses Jory.
Your freezing wraith closely misses Jory.
You block the nameless horror's attack.
Casting: Airstrike (safe; 1% risk of failure)
Confirm with . or Enter, or press ? or * to list all spells.
Aiming: Airstrike (safe; 1% risk of failure)
Press: ? - help, Dir - move target, f/p - Jory
Aim: Jory, wielding a +4 great sword and wearing a +0 chain mail (almost destroyed, slow, ally target, empty space bonus: 5/8)
The air twists around and strikes Jory!!
Jory is almost destroyed.
* * * LOW HITPOINT WARNING * * *
Jory gestures at you while chanting. The crystal spear hits you!!
* * * LOW HITPOINT WARNING * * *
The nameless horror barely misses you.
Your freezing wraith barely misses Jory.
Your freezing wraith hits Jory!
Casting: Airstrike (safe; 1% risk of failure)
Confirm with . or Enter, or press ? or * to list all spells.
Aiming: Haunt (dangerous; 6% risk of failure)
Press: ? - help, Dir - move target, f/p - Jory
Aim: Jory, wielding a +4 great sword and wearing a +0 chain mail (almost destroyed, slow, ally target) Insubstantial figures form in the air.
* * * LOW HITPOINT WARNING * * *
Jory casts a spell at you. The crystal spear hits you!!!!
You die...

.........##.÷##..# #..
.........##......# #..
..........[..)...# #.)
.........#....[..# #..
.........##..#÷..# #..
..#####......##.÷###..
##.......#[.:....
##..####X≈.##..#........
.8...8.@♣≈≈##..##..#.#..
.....WWVWW≈≈#..##..##[..
.#'''#.WW8≈≈≈..##.......
#.. ##....≈≈≈.##.......
#8. #..♣..≈≈.##...(...
## #......≈≈##.......
#8...♣.≈≈##....... ##...
.≈≈ #.###### #.#.....


You could see Jory (slow, ally target), a nameless horror, 2 friendly phantasmal
warriors, a friendly freezing wraith (summoned) and 3 friendly wraiths.

Vanquished Creatures
  Vashnia (Snake:3)
  A tentacled monstrosity (Swamp:4)
  Asterion (Snake:3)
  Kirke (D:15)
  A thorn hunter (Swamp:4)
  2 tengu reavers
  Roxanne (Snake:3)
  2 shadow dragons (Vaults:3)
  A sphinx (D:13)
  A storm dragon (Vaults:3)
  3 nagarajas
  Donald (Snake:3)
  2 fenstrider witches
  A fire giant (Depths:2)
  10 vault wardens
  Aizul (Snake:3)
  A frost giant (Depths:3)
  2 orc warlords
  13 very ugly things
  A reaper (Gauntlet)
  14 ironbound preservers
  5 stone giants
  3 vampire knights
  A deep elf demonologist (Vaults:3)
  2 entropy weavers
  A minotaur (Gauntlet)
  6 dire elephants
  A bunyip (Swamp:3)
  4 ettins
  A crystal guardian (Vaults:1)
  5 fire dragons
  A deep elf death mage (Vaults:1)
  2 great orbs of eyes (Depths:2)
  Harold (D:10)
  An ironbound thunderhulk (Vaults:4)
  9 yaktaur captains
  4 ice dragons
  2 rakshasas
  2 peacekeepers
  15 vault guards
  4 boulder beetles
  13 naga warriors
  4 ghost crabs
  3 salamander tyrants
  29 hydras
  A catoblepas (D:14)
  12 centaur warriors
  8 ironbound frosthearts
  An ogre mage (Orc:1)
  4 deep troll shamans (Depths:3)
  11 anacondas
  Erica (D:10)
  10 alligators
  6 two-headed ogres
  4 death yaks (Lair:6)
  8 tengu warriors
  6 deep troll earth magi
  3 orc high priests (Orc:2)
  2 spriggan berserkers
  20 naga sharpshooters
  A vampire mage (Vaults:2)
  2 sun demons (Depths:2)
  4 shock serpents
  A soul eater (Depths:2)
  A fire crab (D:10)
  5 hell knights (Depths:2)
  An iron troll (Depths:3)
  35 deep trolls
  8 salamander mystics
  A death drake (Swamp:4)
  8 spriggan druids
  2 goliath frogs
  11 swamp dragons
  A flayed ghost (Depths:2)
  4 naga ritualists
  2 glowing orange brains
  12 wizards
  4 bog bodies
  5 orc knights
  8 lindwurms
  A shadow demon (Depths:2)
  4 necromancers
  17 ironbound convokers
  3 deep elf pyromancers
  8 mana vipers
  3 orc sorcerers (Orc:2)
  3 wolf spiders
  27 salamanders
  An orb spider (shapeshifter) (D:14)
  3 cyclopes
  5 manticores
  36 ugly things
  4 will-o-the-wisps
  6 nameless horrors
  34 black mambas
  15 elephants
  9 guardian serpents
  16 naga magi
  A smoke demon (Volcano)
  14 vault sentinels
  A gargoyle (D:13)
  A torpor snail (Lair:6)
  An unseen horror (D:11)
  17 yaktaurs
  An orange demon (Depths:2)
  17 cane toads
  3 kobold demonologists (D:14)
  A rime drake (shapeshifter) (D:15)
  An efreet (D:14)
  2 rime drakes
  16 komodo dragons
  3 freezing wraiths
  An ice devil (Gauntlet)
  4 polar bears
  12 trolls
  A bloated husk (Swamp:4)
  A jumping spider (shapeshifter) (Vaults:3)
  11 hornets
  4 tyrant leeches
  18 blink frogs
  29 slime creatures
  A meliai zombie (D:11)
  A spriggan (shapeshifter) (D:14)
  49 yaks
  2 vampires
  5 redbacks
  14 spriggans
  2 humans (D:7)
  2 shadows (D:12)
  A ynoxinul (Gauntlet)
  5 fire bats
  13 wyverns
  8 basilisks
  3 fire elementals
  4 steam dragons
  6 wraiths
  4 hogs (D:15)
  3 vampire mosquitoes
  2 large abominations (Gauntlet)
  12 swamp worms
  5 wargs
  3 hell hounds
  4 acid dragons
  31 water moccasins
  37 nagas
  9 swamp drakes
  A hornet zombie (D:5)
  2 sky beasts
  An ice beast (D:5)
  37 orc warriors
  3 black bears
  9 ogres
  3 necrophages (D:12)
  16 centaurs
  22 wolves
  5 boggarts (D:13)
  2 phantoms
  3 kobold brigands
  13 bullfrogs
  A wyvern zombie (D:5)
  2 gnoll sergeants
  3 scorpions
  A water moccasin zombie (D:5)
  2 water moccasin skeletons (D:5)
  6 killer bees (D:8)
  6 wights
  An electric eel (Lair:5)
  6 centaur zombies
  A howler monkey (D:14)
  19 orc priests
  2 bullfrog skeletons (D:5)
  3 hounds
  5 small abominations (Gauntlet)
  3 iron imps (Gauntlet)
  A centaur skeleton (D:4)
  8 iguanas
  24 orc wizards
  A polar bear simulacrum (Lair:6)
  3 hound skeletons (D:4)
  A mummy (D:12)
  12 gnolls
  A howler monkey skeleton (D:4)
  5 adders
  A river rat (Sewer)
  2 shadow imps (Gauntlet)
  2 white imps (Gauntlet)
  An ufetubus (D:5)
  2 worms (D:3)
  2 dart slugs
  87 orcs
  8 bats
  11 endoplasms
  2 giant cockroaches
  6 hobgoblins
  A jackal (Sewer)
  17 kobolds
  4 quokkas
  7 ball pythons
  4 frilled lizards
  10 goblins
  8 rats
  A river rat simulacrum (Lair:6)
1384 creatures vanquished.

Vanquished Creatures (collateral kills)
  Bai Suzhen (Vaults:4)
  A golden dragon (Depths:3)
  A lich (Vaults:3)
  A titan (Vaults:3)
  2 fire giants (Depths:1)
  5 vault wardens
  2 war gargoyles (Vaults:3)
  8 ironbound preservers
  2 very ugly things (Vaults:3)
  5 stone giants
  A vampire knight (Depths:1)
  4 dire elephants
  A bunyip (Swamp:3)
  The ghost of yegreS the Cleaver, a journeyman FoFi of Qazlal (D:13)
  2 eleionomae
  An entropy weaver (Vaults:3)
  2 crystal guardians
  An eidolon (Vaults:2)
  2 yaktaur captains
  A fire dragon (Depths:1)
  A deep elf death mage (Vaults:2)
  A great orb of eyes (Vaults:4)
  3 ironbound thunderhulks (Vaults:2)
  4 hydras
  A naga warrior (Snake:4)
  A spriggan air mage (D:15)
  5 vault guards
  An ice dragon (Depths:1)
  3 ironbound frosthearts
  4 peacekeepers
  A centaur warrior (Vaults:3)
  A death knight (D:14)
  A deep troll shaman (Depths:3)
  Urug (D:10)
  A spriggan berserker (D:15)
  3 iron trolls (Depths:3)
  23 deep trolls
  2 wizards
  2 ironbound convokers (Vaults:3)
  2 lindwurms (Vaults:2)
  A swamp dragon (Swamp:3)
  14 ugly things
  4 slime creatures
  A black mamba (Snake:3)
  A naga mage (Snake:3)
  3 nameless horrors (Vaults:3)
  2 vault sentinels
  2 yaktaurs (Vaults:3)
  A bloated husk (Swamp:3)
  A tyrant leech (Swamp:3)
  2 spriggans
  A yak (D:12)
  2 swamp worms
  2 kobolds (D:12)
  3 ball lightnings
145 creatures vanquished.

Vanquished Creatures (others)
  A very ugly thing (Vaults:3)
  An ironbound thunderhulk (Vaults:1)
  An anaconda (Snake:3)
  An ironbound frostheart (Vaults:1)
  2 deep trolls (Depths:3)
  A centaur simulacrum (D:14)
  A swamp drake (Swamp:3)
  An orc priest (Orc:2)
  An orc wizard (D:14)
  200 ball lightnings
  2 demonic plants (Gauntlet)
  6 foxfires (Swamp:1)
  56 fungi
  99 plants
  5 withered plants (D:12)
378 creatures vanquished.

Grand Total: 1907 creatures vanquished

Notes
Turn   | Place    | Note
-------+----------+-------------------------------------------
     0 | D:1      | GordonOverkill the Djinni Ice Elementalist began the quest
                  | for the Orb.
     0 | D:1      | Reached XP level 1. HP: 15/15 MP: 0/0
    24 | D:1      | Found Rym Naadd's Assorted Antiques.
   540 | D:1      | Reached XP level 2. HP: 20/21 MP: 0/0
  1174 | D:1      | Reached XP level 3. HP: 17/25 MP: 0/0
  1174 | D:1      | Learned a level 1 spell: Apportation
  1722 | D:2      | Found a hazy altar of Hepliaklqana.
  2223 | D:2      | Reached XP level 4. HP: 31/31 MP: 0/0
  2680 | D:2      | Reached XP level 5. HP: 16/35 MP: 0/0
  2680 | D:2      | Learned a level 2 spell: Passwall
  3352 | D:2      | Found a faded altar of an unknown god.
  3774 | D:3      | Found a glowing drain.
  3785 | Sewer    | Entered a sewer
  3932 | Sewer    | Noticed a kobold brigand
  3949 | Sewer    | Killed a kobold brigand
  3950 | Sewer    | Reached XP level 6. HP: 20/40 MP: 0/0
  4157 | Sewer    | Found a white marble altar of Elyvilon.
  4821 | D:3      | Found a hide-covered altar of Uskayaw.
  4832 | D:3      | Found a hazy altar of Hepliaklqana.
  5817 | D:4      | Noticed an ogre
  5825 | D:4      | Killed an ogre
  5826 | D:4      | Reached skill level 5 in Spellcasting
  5826 | D:4      | Reached XP level 7. HP: 36/45 MP: 0/0
  5826 | D:4      | Learned a level 2 spell: Scorch
  5910 | D:4      | Reached skill level 1 in Fighting
  6151 | D:4      | Found a staircase to the Ecumenical Temple.
  6228 | Temple   | Entered the Ecumenical Temple
  6277 | Temple   | Became a worshipper of Cheibriados the Contemplative
  6318 | D:4      | Reached skill level 5 in Stealth
  7026 | D:5      | Entered Level 5 of the Dungeon
  7191 | D:5      | Reached skill level 2 in Fighting
  7191 | D:5      | Reached skill level 1 in Invocations
  7191 | D:5      | Reached XP level 8. HP: 40/54 MP: 0/0
  7452 | D:5      | Reached skill level 3 in Fighting
  7603 | D:5      | Found a basalt altar of Yredelemnul.
  7641 | D:5      | Found a sacrificial altar of Ru.
  7653 | D:5      | Reached * piety under Cheibriados
  7654 | D:5      | Reached XP level 9. HP: 43/62 MP: 0/0
  7654 | D:5      | Learned a level 3 spell: Ignite Poison
  7790 | D:5      | Found an opulent altar of Gozag.
  7790 | D:5      | Found a shimmering altar of Xom.
  7790 | D:5      | Found a glowing golden altar of the Shining One.
  7906 | D:5      | Reached skill level 4 in Fighting
  8008 | D:1      | Bought a cloak for 90 gold pieces
  8008 | D:1      | Bought a potion of curing for 60 gold pieces
  8008 | D:1      | Bought a fuming white potion for 18 gold pieces
  9276 | D:6      | Found Xubb's Weapon Shop.
  9464 | D:7      | Reached ** piety under Cheibriados
  9532 | D:7      | Reached skill level 5 in Fighting
  9679 | D:7      | Noticed a two-headed ogre
  9954 | D:7      | Killed a two-headed ogre
  9955 | D:7      | Reached skill level 5 in Invocations
  9955 | D:7      | Reached XP level 10. HP: 52/70 MP: 0/0
 10196 | D:7      | Found an iron altar of Okawaru.
 10302 | D:8      | Found a flagged portal.
 10360 | Bailey   | Entered a bailey
 11018 | Bailey   | Reached *** piety under Cheibriados
 11603 | Bailey   | Reached **** piety under Cheibriados
 11938 | D:8      | Reached XP level 11. HP: 71/75 MP: 0/0
 11938 | D:8      | Learned a level 4 spell: Airstrike
 12373 | D:8      | Found a staircase to the Lair.
 12624 | D:9      | Noticed a cyan ugly thing
 12629 | D:9      | Killed a cyan ugly thing
 12998 | D:9      | Reached ***** piety under Cheibriados
 13149 | D:9      | Reached skill level 10 in Stealth
 13469 | D:10     | Entered Level 10 of the Dungeon
 13499 | D:10     | Noticed Erica
 13512 | D:10     | Killed Erica
 13513 | D:10     | Reached skill level 1 in Evocations
 13744 | D:10     | Noticed Harold
 13751 | D:10     | Killed Harold
 13802 | D:10     | Found a staircase to the Orcish Mines.
 13827 | D:10     | Noticed Urug
 13830 | D:10     | Found a transporter.
 13832 | D:10     | Killed Urug
 14092 | D:10     | Found a transporter.
 14095 | D:10     | Noticed a fire crab
 14140 | D:10     | Reached XP level 12. HP: 36/82 MP: 0/0
 14140 | D:10     | Killed a fire crab
 14141 | D:10     | Reached skill level 6 in Fighting
 14245 | D:11     | Noticed a two-headed ogre
 14249 | D:11     | Killed a two-headed ogre
 14272 | D:11     | Noticed a two-headed ogre
 14276 | D:11     | Killed a two-headed ogre
 14292 | D:11     | Noticed a centaur warrior
 14297 | D:11     | Killed a centaur warrior
 14298 | D:11     | Reached skill level 5 in Dodging
 14397 | D:11     | Noticed a rakshasa
 14406 | D:11     | Killed a rakshasa
 14407 | D:11     | Reached skill level 7 in Fighting
 14579 | D:11     | Noticed a centaur warrior
 14583 | D:11     | Killed a centaur warrior
 14762 | D:11     | Noticed a centaur warrior
 14770 | D:11     | Killed a centaur warrior
 14807 | D:11     | Reached skill level 5 in Evocations
 15151 | D:11     | Found a broken altar of Ashenzari.
 15759 | D:11     | Reached skill level 8 in Fighting
 15759 | D:11     | Reached skill level 10 in Spellcasting
 16197 | Lair:1   | Entered Level 1 of the Lair of Beasts
 16198 | Lair:1   | Upgraded the game from 0.28-a0-512-g960c72b710 to
                  | 0.28-a0-518-g36894cfc38
 16607 | Lair:1   | Reached skill level 9 in Fighting
 16607 | Lair:1   | Reached XP level 13. HP: 83/94 MP: 0/0
 16607 | Lair:1   | Learned a level 5 spell: Metabolic Englaciation
 16893 | Lair:1   | Reached skill level 10 in Fighting
 17418 | Lair:2   | Found a dark tunnel.
 17427 | Volcano  | Entered a volcano
 17497 | Volcano  | Reached ****** piety under Cheibriados
 18855 | Lair:2   | Found a staircase to the Swamp.
 19191 | Lair:3   | Reached skill level 11 in Fighting
 19208 | Lair:3   | Reached XP level 14. HP: 48/105 MP: 0/0
 20385 | Lair:4   | Found a staircase to the Snake Pit.
 20733 | Lair:4   | Identified the +0 leather armour "Dypsaogu" {rPois Str-4
                  | Dex+5}
 21052 | Lair:5   | Found a staircase to the Slime Pits.
 21077 | Lair:5   | Reached skill level 12 in Fighting
 21268 | Lair:5   | Found a viscous altar of Jiyva.
 21718 | Lair:5   | Found a white marble altar of Elyvilon.
 21958 | Lair:6   | Entered Level 6 of the Lair of Beasts
 22369 | Lair:6   | Reached XP level 15. HP: 96/113 MP: 0/0
 22369 | Lair:6   | Learned a level 6 spell: Death Channel
 22954 | Lair:6   | Reached skill level 13 in Fighting
 22965 | Lair:6   | Reached skill level 10 in Dodging
 23976 | Lair:6   | Reached skill level 10 in Evocations
 24077 | Lair:6   | Identified a scroll of acquirement
 24078 | Lair:6   | Acquired 675 gold pieces
 24268 | D:12     | Found a bloodstained altar of Trog.
 24439 | D:12     | Reached skill level 14 in Fighting
 24518 | D:12     | Found Kivo's Distillery.
 24526 | D:12     | Bought a potion of curing for 45 gold pieces
 24526 | D:12     | Bought a potion of cancellation for 120 gold pieces
 24526 | D:12     | Bought a potion of heal wounds for 75 gold pieces
 24526 | D:12     | Bought a potion of brilliance for 60 gold pieces
 24526 | D:12     | Bought a potion of curing for 45 gold pieces
 24547 | D:12     | Found a gate leading to a gauntlet.
 24555 | Gauntlet | Entered a Gauntlet
 24555 | Gauntlet | Found a transporter.
 24567 | Gauntlet | Found a transporter.
 24570 | Gauntlet | Found a transporter.
 24571 | Gauntlet | Found a transporter.
 24579 | Gauntlet | Found a transporter.
 24582 | Gauntlet | Found a transporter.
 24583 | Gauntlet | Found a transporter.
 24593 | Gauntlet | Found a transporter.
 24595 | Gauntlet | Found a transporter.
 24596 | Gauntlet | Found a transporter.
 24604 | Gauntlet | Found a transporter.
 24607 | Gauntlet | Found a transporter.
 24608 | Gauntlet | Found a transporter.
 24619 | Gauntlet | Found a transporter.
 25007 | Gauntlet | Reached XP level 16. HP: 101/124 MP: 0/0
 25030 | Gauntlet | Identified the ring of Qapn {rCorr Int+6}
 25083 | Gauntlet | Identified the +5 rapier "Ryack" {spect, rPois Int+2}
 25354 | D:12     | Reached skill level 15 in Fighting
 26071 | D:13     | Found a runed translucent gate.
 26071 | D:13     | Found a runed translucent gate.
 26072 | D:13     | Found a runed translucent gate.
 26080 | D:13     | Noticed yegreS's ghost (journeyman FoFi)
 26549 | D:13     | Found a runed translucent door.
 27427 | D:14     | You are sucked into a shaft and drop 1 floor!
 27427 | D:15     | Entered Level 15 of the Dungeon
 27849 | D:14     | Found a gate to the Vaults.
 28477 | D:15     | Found a staircase to the Depths.
 28872 | D:15     | Reached XP level 17. HP: 81/133 MP: 0/0
 28872 | D:15     | Learned a level 6 spell: Conjure Ball Lightning
 28934 | D:15     | Noticed Kirke
 28945 | D:15     | Reached skill level 16 in Fighting
 28945 | D:15     | Killed Kirke
 28960 | D:15     | Found Baptao's Magic Scroll Shop.
 28967 | D:15     | Bought a scroll of enchant armour for 90 gold pieces
 28967 | D:15     | Bought a scroll of magic mapping for 42 gold pieces
 28967 | D:15     | Bought a scroll of enchant armour for 90 gold pieces
 28967 | D:15     | Bought a scroll of holy word for 90 gold pieces
 28973 | D:15     | Identified the +11 chain mail "Itiamn" {SInv}
 29408 | Orc:1    | Entered Level 1 of the Orcish Mines
 29419 | Orc:1    | Reached skill level 1 in Armour
 29791 | Orc:2    | Entered Level 2 of the Orcish Mines
 29911 | Orc:2    | Found a staircase to the Elven Halls.
 30657 | Orc:2    | Found Viet's Armour Shop.
 30657 | Orc:2    | Found Ymezxumu's Distillery.
 30669 | Orc:2    | Found Buntyar's Antique Armour Shop.
 30669 | Orc:2    | Found Hirux's Magic Scroll Shoppe.
 30675 | Orc:2    | Bought a +1 helmet of intelligence for 264 gold pieces
 30695 | Orc:2    | Bought a potion of might for 52 gold pieces
 30695 | Orc:2    | Bought a potion of heal wounds for 65 gold pieces
 30695 | Orc:2    | Bought a potion of curing for 39 gold pieces
 30695 | Orc:2    | Bought a potion of might for 52 gold pieces
 30697 | Orc:2    | Bought a scroll of enchant weapon for 112 gold pieces
 30697 | Orc:2    | Bought a scroll of magic mapping for 52 gold pieces
 30697 | Orc:2    | Bought a scroll of fear for 52 gold pieces
 30697 | Orc:2    | Bought a scroll of blinking for 112 gold pieces
 30697 | Orc:2    | Bought a scroll of magic mapping for 52 gold pieces
 30697 | Orc:2    | Bought a scroll of enchant weapon for 112 gold pieces
 30698 | Orc:2    | Bought an ancient chain mail for 180 gold pieces
 30698 | Orc:2    | Identified the +5 chain mail of the Demon Prince {Will-
                  | Regen+ Dex+7 SInv} (You bought it in a shop on level 2 of
                  | the Orcish Mines)
 31056 | Snake:1  | Entered Level 1 of the Snake Pit
 31191 | Snake:1  | Reached skill level 5 in Armour
 32627 | Snake:2  | Reached XP level 18. HP: 119/139 MP: 0/0
 32948 | Snake:2  | Reached skill level 10 in Armour
 33378 | Snake:3  | Noticed Asterion
 33382 | Snake:3  | Killed Asterion
 33468 | Snake:3  | Noticed Vashnia
 33508 | Snake:3  | Killed Vashnia
 33651 | Snake:3  | Noticed Donald
 33664 | Snake:3  | Killed Donald
 33958 | Snake:3  | Noticed Roxanne
 33979 | Snake:3  | Killed Roxanne
 34110 | Snake:3  | Noticed Aizul
 34118 | Snake:3  | Killed Aizul
 34213 | Snake:3  | Found a runed translucent gate.
 34213 | Snake:3  | Found a runed translucent gate.
 34215 | Snake:3  | Found a runed translucent gate.
 34217 | Snake:3  | Noticed Vauzamim's ghost (adept HuWn)
 34251 | Snake:4  | Entered Level 4 of the Snake Pit
 34344 | Snake:4  | Reached skill level 5 in Shields
 35317 | Snake:4  | Reached XP level 19. HP: 111/145 MP: 0/0
 35317 | Snake:4  | Learned a level 7 spell: Haunt
 36448 | Snake:4  | Got a serpentine rune of Zot
 36890 | Swamp:1  | Entered Level 1 of the Swamp
 36915 | Lair:2   | Reached skill level 10 in Shields
 37017 | Swamp:1  | Reached skill level 1 in Short Blades
 37304 | Swamp:1  | Found a bloodstained altar of Trog.
 37312 | Swamp:1  | Noticed yegreS's ghost (journeyman MiFi)
 37384 | Swamp:1  | Found a transporter.
 37409 | Swamp:1  | Found a transporter.
 37737 | Swamp:2  | Acquired 595 gold pieces
 38984 | Swamp:4  | Entered Level 4 of the Swamp
 38991 | Swamp:4  | Reached skill level 5 in Short Blades
 39416 | Swamp:4  | Reached XP level 20. HP: 125/151 MP: 0/0
 39938 | Swamp:4  | Got a decaying rune of Zot
 40033 | Swamp:4  | Noticed WhatIsLove's ghost (adept TrMo)
 40040 | Swamp:4  | Found a runed translucent gate.
 40040 | Swamp:4  | Found a runed translucent gate.
 40042 | Swamp:4  | Found a runed translucent gate.
 40488 | Vaults:1 | Entered Level 1 of the Vaults
 41095 | Vaults:1 | Reached skill level 15 in Shields
 42223 | Vaults:1 | Reached XP level 21. HP: 151/157 MP: 0/0
 42223 | Vaults:1 | Learned a level 8 spell: Summon Horrible Things
 43031 | Vaults:2 | Paralysed by a vampire knight for 3 turns
 43037 | Vaults:2 | Paralysed by a vampire knight for 6 turns
 43196 | Vaults:2 | Found a staircase to the Crypt.
 44590 | Vaults:3 | Reached skill level 10 in Short Blades
 45980 | Vaults:3 | Reached XP level 22. HP: 87/161 MP: 0/0
 46559 | Vaults:3 | Reached skill level 10 in Invocations
 46918 | Vaults:3 | Reached skill level 15 in Armour
 47059 | Vaults:3 | Identified the +1 leather armour "Yquton" {+Inv rC- rN+++
                  | rCorr SInv}
 47453 | Vaults:4 | Reached skill level 1 in Axes
 48375 | Vaults:4 | Noticed Bai Suzhen
 48480 | Vaults:4 | Killed Bai Suzhen
 48713 | Vaults:4 | Reached skill level 5 in Axes
 49450 | Depths:1 | Entered Level 1 of the Depths
 49851 | D:13     | Killed yegreS's ghost
 49852 | D:13     | Reached XP level 23. HP: 94/167 MP: 0/0
 49852 | D:13     | Learned a level 7 spell: Storm Form
 49917 | D:13     | Identified the ring of the Saviour {AC+4 Int+2 SInv}
 50266 | Depths:1 | Found a gateway to a ziggurat.
 50386 | Depths:1 | Found a gateway to Hell.
 50643 | Depths:1 | Found a one-way gate to the infinite horrors of the Abyss.
 50710 | Depths:1 | Found a basalt altar of Yredelemnul.
 52190 | Depths:2 | Paralysed by a vampire knight for 3 turns
 52290 | Depths:2 | Found a one-way gate leading to the halls of Pandemonium.
 52715 | Depths:2 | Reached skill level 10 in Axes
 53297 | Depths:3 | Noticed Jory
 53311 | Depths:3 | Killed from afar by Jory

Illustrated notes

Levels and vault maps discovered:
D:1:      mrwooster_arrival_arrow, layout_basic, serial_shops, shop_fountains,
          hangedman_decor_diamond_cutter
D:2:      layout_basic, basic_ecumenical_altar, basic_altar,
          corexii_item_surrounded_by_moat, serial_park_tiny_1,
          minmay_small_reverse_x
D:3:      layout_basic, amethyst_overflow_temple_binary,
          cheibrodos_sewer_entry_drain
D:4:      layout_rooms, minmay_temple_entry_proselytizer
D:5:      layout_basic, grunt_temple_overflow_open
D:6:      layout_loops_cross, serial_shops, nicolae_shop_behind_doors
D:7:      layout_gridville, okawaru_humans
D:8:      layout_rooms, grunt_lair_entry_orc_guard_hut, enter_bailey_5
D:9:      layout_small_grid, minmay_microvault
D:10:     gammafunk_cloud_chamber, layout_gridville, orc_0_dummy, uniq_harold,
          uniq_erica, uniq_urug
D:11:     kennysheep_blocky_room, layout_cave_pods, nicolae_ashenzari_panopticon
D:12:     layout_loops_ring, gauntlet_entry_generic, serial_shops, shop,
          special_room [special_room_orc], serial_undead, serial_undead_f,
          serial_undead_f, serial_undead_c, serial_undead_d, serial_undead_d,
          serial_undead_c, serial_undead_e, trog_hazing_becter
D:13:     layout_roguey, gammafunk_ghost_spectres,
          hangedman_abyss_or_decor_stagger, minmay_st_funbox, minivault_20
D:14:     minmay_recursive_quarters, layout_cave_pods,
          skrybe_vaults_entry_preservation
D:15:     grunt_enter_depths_snipers, layout_loops_ring, minmay_misc_feat_chi,
          serial_shops, shop, uniq_kirke
Temple:   nicolae_temple_god_jail
Lair:1:   layout_chaotic_city, nzn_sisyphean_effort
Lair:2:   layout_regular_city, palyth_hydra_swamp_entry,
          nicolae_volcano_entry_batcave, st_stairs_3
Lair:3:   layout_hall_layers, beast_lair_carwin_9, grunt_megastairs_4
Lair:4:   layout_cave_pods, dummy_snake_entry
Lair:5:   layout_gridlike, slime_altar_1, basic_altar,
          grunt_forest_stairs_clearing
Lair:6:   guppyfry_lair_end_dragon, layout_regular_city,
          hangedman_lair_tendril_chambers, st_stairs_6, eino_house_with_fridge,
          grunt_megastairs_2
Swamp:1:  layout_falls_marsh, gammafunk_ghost_wrathful_warriors,
          evilmike_swamp_ruin_house_6
Swamp:2:  layout_basic_swamp, evilmike_swamp_ruin_house_1
Swamp:3:  layout_basic_swamp, nicolae_swamp_treefoil, swamp_pool4,
          nicolae_swamp_bean_lake, infiniplex_staircase_pool
Swamp:4:  swamp, layout_basic_swamp, gammafunk_ghost_split,
          infiniplex_staircase_pool_2
Snake:1:  layout_misc_corridors, portal_ice_cave_entry_pillars_four
Snake:2:  layout_honeycomb, fake_guardian_serpent_vault, serial_bayou_shore_b,
          lemuel_fruit_tree
Snake:3:  layout_gridlike, ebering_ghost_rock_garden, uniq_aizul, uniq_vashnia,
          uniq_roxanne, uniq_donald, uniq_asterion
Snake:4:  grunt_snake_rune_pools, layout_cave_town, grunt_ministairs_5
Orc:1:    layout_diamond_mine, basic_altar
Orc:2:    grunt_orc_tribal_feast, layout_caves
Vaults:1: nicolae_vaults_disjoint_gnomons, nicolae_vaults_little_squares_2,
          v_pattern_5, nicolae_vaults_inception_network,
          nicolae_vaults_ring_of_whatevers, hangedman_vaults_snaps,
          vaults_dpeg_hooks, grunt_vaults_funnel, nicolae_vaults_rhombus_5,
          vaults_room_stairs_pillars, v_misc_31, nicolae_vaults_bisected_slash,
          vaults_mumra_hexcomb, vaults_dpeg_ring, layout_vaults_maze_bifur
Vaults:2: v_misc_23, hangedman_vaults_unwind, v_misc_16,
          nicolae_vaults_little_squares_2, vaults_mumra_chevron, v_pattern_2,
          layout_vaults_omnigrid, minmay_crypt_entry_simple_box
Vaults:3: st_greater_box_1, vaults_mumra_hex, ontoclasm_vaults_ring_small,
          v_misc_1, nicolae_vaults_network_s,
          vaults_room_grunt_arrival_checkpoint, nicolae_vaults_rhombus_5,
          hangedman_vaults_nodes, hangedman_vaults_trim, vaults_dpeg_diagonal,
          nicolae_vaults_diagonal_hallway_6, layout_vaults_chaotic_city
Vaults:4: nicolae_vaults_angled_halls, hangedman_vaults_stretched_pinwheel,
          v_misc_13, ontoclasm_vaults_ligature, nicolae_vaults_an_arrangement,
          hangedman_vaults_hat, hangedman_vaults_cutoff, vaults_room_semicircle,
          nicolae_vaults_little_squares_1, nicolae_vaults_little_squares_4,
          vaults_mumra_minichess, layout_vaults_omnicross, uniq_bai_suzhen
Depths:1: layout_gridlike, enter_ziggurat_e, hell_entry, abyss_entry_crystal,
          yredelemnul_altar_generic
Depths:2: kennysheep_cluttered_fort, layout_basic, nicolae_two_hexagons,
          hell_entry, rand_demon_pan_entry_8, grunt_ministairs_7,
          lemuel_another_geyser
Depths:3: kennysheep_gozag_temple, layout_long_grid, hell_entry, abyss_entry,
          minmay_staircase_windowed_large, uniq_jory

Skill      XL: |  1  2  3  4  5  6  7  8  9 10 11 12 13 14 15 16 17 18 19 20 21 22 23 |
---------------+----------------------------------------------------------------------+-----
Stealth        | 2 3 4 5 7 8 10 | 10.0
Spellcasting   | 4 5 6 7 9 10 12 14 | 14.0
Fighting       | 2 3 5 9 11 12 14 15 16 | 16.0
Invocations    | 1 3 5 7 9 10 | 10.0
Shields        | 2 4 8 12 15 | 15.0
Evocations     | 2 5 7 10 11 12 | 12.0
Dodging        | 4 5 7 8 10 11 12 | 12.0
Armour         | 9 13 14 15 | 15.0
Short Blades   | 5 9 10 | 10.0
Axes           | 6 11 | 11.1

Action                   |  1- 3 |  4- 6 |  7- 9 | 10-12 | 13-15 | 16-18 | 19-21 | 22-24 || total
-------------------------+-------+-------+-------+-------+-------+-------+-------+-------++-------
Melee: Dagger            |     8 |    22 |    86 |     2 |     7 |       |       |       ||   125
       Rapier            |       |       |       |       |       |    23 |    56 |    44 ||   123
       Unarmed           |       |       |       |       |       |       |       |     3 ||     3
Throw: Dart              |       |       |    50 |     5 |       |    25 |       |       ||    80
 Cast: Freeze            |    29 |    53 |    57 |    73 |    27 |    40 |     6 |       ||   285
       Frozen Ramparts   |     2 |    21 |    29 |    33 |    26 |    49 |    18 |     1 ||   179
       Scorch            |       |       |    42 |    31 |    46 |   102 |       |     1 ||   222
       Ozocubu's Armour  |       |       |     2 |     9 |    35 |    55 |     4 |     2 ||   107
       Hailstorm         |       |       |       |    60 |    60 |    93 |     9 |       ||   222
       Airstrike         |       |       |       |    80 |   556 |   648 |   981 |   422 ||  2687
       Metabolic Englaci |       |       |       |       |     4 |     6 |     1 |     2 ||    13
       Death Channel     |       |       |       |       |     3 |       |       |     6 ||     9
       Conjure Ball Ligh |       |       |       |       |       |    18 |     5 |    59 ||    82
       Haunt             |       |       |       |       |       |       |   118 |    73 ||   191
       Storm Form        |       |       |       |       |       |       |       |    14 ||    14
Invok: Step From Time    |       |       |       |       |       |     1 |     1 |     2 ||     4
       Bend Time         |       |       |       |       |       |       |     1 |       ||     1
 Abil: End Transformatio |       |       |       |       |       |       |       |     1 ||     1
Evoke: Wand              |       |       |     2 |     4 |    10 |    36 |     8 |    11 ||    71
       Phantom mirror    |       |       |       |     1 |     1 |     2 |     1 |       ||     5
       Condenser vane    |       |       |       |       |     3 |     4 |     3 |     3 ||    13
       Lightning rod     |       |       |       |       |       |     5 |       |       ||     5
       Tin of tremorston |       |       |       |       |       |     3 |     2 |     1 ||     6
  Use: Scroll            |       |     5 |    11 |     8 |    16 |     7 |    15 |    12 ||    74
       Potion            |       |       |     2 |     1 |     4 |     8 |     8 |     2 ||    25
 Stab: Sleeping          |     6 |     3 |     4 |       |     1 |       |     3 |     1 ||    18
       Paralysed         |       |       |       |       |       |     2 |       |     1 ||     3
       Petrified         |       |       |       |       |       |     2 |       |       ||     2
       Distracted        |       |       |       |       |       |       |     5 |     3 ||     8
Armor: Robe              |     9 |    23 |    64 |    68 |   113 |    57 |       |       ||   334
       Chain mail        |       |       |       |       |       |    93 |   136 |    85 ||   314
       Skin              |       |       |       |       |       |       |       |    13 ||    13
Dodge: Dodged            |    19 |    31 |   112 |   119 |   269 |   280 |   147 |   158 ||  1135
Block: Buckler           |       |       |     1 |    63 |   106 |   126 |       |       ||   296
       Kite shield       |       |       |       |       |       |    37 |   299 |   267 ||   603
       Reflection        |       |       |       |       |       |    13 |    48 |    20 ||    81

Table legend: (Time is in decaauts)
 A = Elapsed time spent in this place.
 B = Non-inter-level travel time spent in this place.
 C = Inter-level travel time spent in this place.
 D = Time resting spent in this place.
 E = Time spent auto-exploring this place.
 F = Levels seen in this place.
 G = Mean time per level.
                   A        B        C        D        E       F      G
               +--------+--------+--------+--------+--------+-----+--------+
         Total |  76315 |  70712 |   5603 |  19612 |  36262 |  43 | 1774.8 |
       Dungeon |  26534 |  23822 |   2712 |   7583 |  12295 |  15 | 1768.9 |
        Temple |     60 |     50 |     10 |      0 |     24 |   1 |   60.0 |
          Lair |  12261 |  11174 |   1087 |   2932 |   6525 |   6 | 2043.5 |
         Swamp |   5187 |   4829 |    358 |   1059 |   2451 |   4 | 1296.8 |
     Snake Pit |   8570 |   8181 |    389 |   2122 |   4137 |   4 | 2142.5 |
  Orcish Mines |   2307 |   2134 |    173 |    430 |   1285 |   2 | 1153.5 |
        Vaults |  13319 |  12537 |    782 |   2978 |   6307 |   4 | 3329.8 |
        Depths |   4761 |   4672 |     89 |   1180 |   2649 |   3 | 1587.0 |
         Sewer |    405 |    405 |      0 |    237 |     88 |   1 |  405.0 |
        Bailey |   1630 |   1630 |      0 |    825 |    232 |   1 | 1630.0 |
       Volcano |    472 |    472 |      0 |     65 |      0 |   1 |  472.0 |
      Gauntlet |    801 |    801 |      0 |    200 |    268 |   1 |  801.0 |
               +--------+--------+--------+--------+--------+-----+--------+

Top non-repeatable levels by time:
Vaults:3: 4262 daAuts
 Snake:4: 3266 daAuts
Vaults:1: 3219 daAuts
Vaults:2: 3083 daAuts
  Lair:6: 2967 daAuts
    D:11: 2799 daAuts
Vaults:4: 2754 daAuts
    D:14: 2465 daAuts
    D:13: 2405 daAuts
  Lair:2: 2377 daAuts
Depths:2: 2310 daAuts
 Snake:2: 2182 daAuts
    D:15: 2027 daAuts
    D:12: 1967 daAuts
     D:2: 1954 daAuts
